 Dungeon Crawl Stone Soup version 0.29.0-5-ge4962eb29e (webtiles) character file.

Game seed: 7560212001681730278

582 sanka the Cleaver (level 7, 0/59 HPs)
             Began as a Hill Orc Monk on Aug 29, 2022.
             Slain by an orc priest
             ... wielding a +2 dagger of venom
              (1 damage)
             ... on level 5 of the Dungeon.
             The game lasted 00:06:35 (4459 turns).

sanka the Cleaver (Hill Orc Monk)                   Turns: 4459, Time: 00:06:36

Health: 0/59       AC:  6    Str: 16    XL:     7   Next: 36%
Magic:  7/7        EV: 15    Int: 10    God:
Gold:   180        SH:  0    Dex: 13    Spells: 6/6 levels left

rFire   + . .      SeeInvis .   a - +0 war axe
rCold   . . .      Faith    .   (no shield)
rNeg    . . .      Spirit   .   k - +0 ring mail
rPois   .          Reflect  .   (no helmet)
rElec   .          Harm     .   (no cloak)
rCorr   .          Rampage  .   u - +0 pair of gloves
Will    .....                   (no boots)
Stlth   +.........              (no amulet)
HPRegen 0.19/turn               D - +4 ring of evasion
MPRegen 0.10/turn               s - ring of protection from fire

@: no status effects
A: no striking features
a: Convert to Beogh


You were on level 5 of the Dungeon.
You visited 1 branch of the dungeon, and saw 5 of its levels.

You collected 180 gold pieces.


   Skills:
 - Level 4.0 Fighting
 + Level 10.6 Axes
 - Level 2.4 Dodging
 - Level 1.5 Stealth


You had 6 spell levels left.
You didn't know any spells.
Your spell library contained the following spells:

 Spells                   Type           Power      Damage    Failure   Level
 Beastly Appendage        Tmut           0%         N/A       58%         1
 Sandblast                Erth           0%         2d4       58%         1
 Ensorcelled Hibernation  Hex/Ice        0%         N/A       73%         2
 Passwall                 Tmut/Erth      0%         N/A       73%         2
 Wereblood                Tmut           0%         N/A       73%         2
 Spider Form              Tmut/Pois      0%         N/A       91%         3
 Stone Arrow              Conj/Erth      0%         3d7       91%         3
 Swiftness                Air            0%         N/A       91%         3

Inventory:

Hand Weapons
 a - a +0 war axe (weapon)
 j - a +2 dagger of distortion
Armour
 k - a +0 ring mail (worn)
 o - a +0 chain mail
 u - a +0 pair of gloves (worn)
Jewellery
 s - a ring of protection from fire (right hand)
 D - a +4 ring of evasion (left hand)
Wands
 y - a wand of digging (2)
Scrolls
 e - 3 scrolls of noise {unknown}
 g - 2 scrolls of vulnerability {unknown}
 h - 3 scrolls of identify {unknown}
 i - a scroll of silence {unknown}
 m - a scroll of fog {unknown}
 q - a scroll of enchant armour {unknown}
 r - 3 scrolls of blinking {unknown}
 z - a scroll of amnesia {unknown}
 B - a scroll of teleportation {unknown}
 C - a scroll of magic mapping {unknown}
 E - a scroll of immolation {unknown}
Potions
 c - a potion of ambrosia
 d - a potion of might
 f - 3 potions of lignification {unknown}
 l - 2 potions of berserk rage {unknown}
 n - a potion of flight {unknown}
 p - a potion of resistance {unknown}
 t - 2 potions of cancellation {unknown}
 v - a potion of mutation {unknown}
 w - a potion of magic {unknown}
 x - a potion of degeneration {unknown}
 A - 2 potions of curing {unknown}

Dungeon Overview and Level Annotations

Branches:
Dungeon (5/15)
 Temple: D:4-7

Altars:
Cheibriados
Elyvilon
Fedhas
Hepliaklqana
Makhleb
Wu Jian
Xom

Shops:
D:3 * D:5

! .▒ ..... ...... ...
?..▒▒▒...... ...▒▒
▒..▒........ ..£..
▒..▒...... ...
......▒......... ....
......▒......▒.. ▒....
▒.......Oo..▒.▒ .....
▒..O....▒o..▒.▒......
▒..^..(.▒▒)...▒......
.....o..So.........£..
.........▒....<....▒
▒▒▒▒▒.▒.▒......)...▒
▒.▒.▒..£.....▒....
..................
...▒...............
.∩....▒...▒▒........


You could see an ogre and an orc priest.


Message History

You hit the orc.
The ogre hits you with a +0 giant club!!
* * * LOW HITPOINT WARNING * * *
The orc completely misses you.
You hit the orc.
You kill the orc!
You slash the ogre!
Unknown command.
Unknown command.
You barely miss the ogre.
The ogre is moderately wounded.
The ogre misses you.
The orc priest looks encouraged for a moment.
You hit the ogre.
The ogre is heavily wounded.
The ogre misses you.
You hit the ogre.
The ogre is severely wounded.
You hit the ogre.
The ogre is almost dead.
You barely miss the orc priest.
The ogre hits you with a +0 giant club!!
* * * LOW HITPOINT WARNING * * *
The orc priest misses you.
You hit the ogre but do no damage.
The ogre is almost dead.
You hit the orc priest. The ogre misses you.
The orc priest hits you with a +2 dagger of venom.
You die...

Action                   |  1- 3 |  4- 6 |  7- 9 || total
-------------------------+-------+-------+-------++-------
Melee: Hand axe          |   157 |   120 |       ||   277
       Punch             |     2 |       |       ||     2
       War axe           |       |    31 |    42 ||    73
 Stab: Sleeping          |     1 |     1 |       ||     2
Armor: Robe              |     3 |       |       ||     3
       Ring mail         |    27 |     8 |    12 ||    47
       Chain mail        |    57 |    24 |       ||    81
Dodge: Dodged            |    71 |    60 |    36 ||   167

Levels and vault maps discovered:
D:1:      pf_arrival_petrified_forest, layout_basic,
          ebering_ecumenical_altar_petrified, st_stairs_2, hangedman_decor_push
D:2:      layout_rooms
D:3:      layout_loops_ring, serial_shops, shop, uniq_natasha
D:4:      layout_loops_ring, kennysheep_little_box, minmay_overflow_temple_hex
D:5:      gammafunk_wand_slinger, layout_basic, serial_shops, shop,
          kennysheep_generic_room_8, uniq_sigmund

Notes
Turn   | Place    | Note
-------+----------+-------------------------------------------
     0 | D:1      | sanka the Hill Orc Monk began the quest for the Orb.
     0 | D:1      | Reached XP level 1. HP: 19/19 MP: 1/1
   174 | D:1      | Reached skill level 4 in Fighting
   174 | D:1      | Reached XP level 2. HP: 5/27 MP: 2/2
   443 | D:1      | Found a faded altar of an unknown god.
   775 | D:1      | Reached skill level 5 in Axes
   975 | D:2      | Reached XP level 3. HP: 28/33 MP: 3/3
  1586 | D:3      | Reached skill level 6 in Axes
  1725 | D:2      | Reached XP level 4. HP: 6/40 MP: 4/4
  2385 | D:3      | Found Voohinwoilo's Assorted Antiques.
  2601 | D:3      | Noticed Natasha
  2611 | D:3      | Killed Natasha
  2612 | D:3      | Reached skill level 7 in Axes
  2612 | D:3      | Reached XP level 5. HP: 26/46 MP: 5/5
  2974 | D:3      | Noticed Natasha
  2985 | D:3      | Killed Natasha
  3101 | D:3      | Noticed Natasha
  3117 | D:3      | Killed Natasha
  3216 | D:4      | Found a white marble altar of Elyvilon.
  3393 | D:4      | Reached skill level 8 in Axes
  3393 | D:4      | Reached XP level 6. HP: 52/52 MP: 6/6
  3623 | D:4      | Reached skill level 9 in Axes
  4004 | D:4      | Found a snail-covered altar of Cheibriados.
  4004 | D:4      | Found a hazy altar of Hepliaklqana.
  4004 | D:4      | Found a burning altar of Makhleb.
  4004 | D:4      | Found an ornate altar of the Wu Jian Council.
  4010 | D:4      | Found a blossoming altar of Fedhas.
  4016 | D:4      | Found a shimmering altar of Xom.
  4323 | D:5      | Entered Level 5 of the Dungeon
  4332 | D:5      | Reached skill level 10 in Axes
  4332 | D:5      | Reached XP level 7. HP: 41/59 MP: 7/7
  4431 | D:5      | Found Uthav's Distillery.
  4458 | D:5      | HP: 1/59 [ogre/+0 giant club (19)]
  4459 | D:5      | Slain by an orc priest

Vanquished Creatures
  2 ogres
  A phantom (D:5)
  2 scorpions (D:4)
  An orc wizard (D:3)
  Natasha (thrice) (D:3)
  4 adders
  2 worms
  3 dart slugs (D:4)
  10 orcs
  5 ball pythons
  3 endoplasms
  3 giant cockroaches
  13 hobgoblins
  5 kobolds
  3 quokkas
  9 bats
  A frilled lizard (D:2)
  4 goblins
  A rat (D:1)
75 creatures vanquished.

Vanquished Creatures (others)
  A withered plant (D:1)
1 creature vanquished.

Grand Total: 76 creatures vanquished
